 Dungeon Crawl Stone Soup version 0.22-a0-353-g2d6336e (webtiles) character file.

189 iamserjio the Insei (level 5, -2/29 HPs)
             Began as a Tengu Transmuter on Apr 15, 2018.
             Killed from afar by an orc wizard (6 damage)
             ... with a magic dart
             ... on level 3 of the Dungeon.
             The game lasted 00:12:50 (3374 turns).

iamserjio the Insei (Tengu Transmuter)              Turns: 3374, Time: 00:12:50

Health: -2/29      AC:  2    Str: 10    XL:     5   Next: 68%
Magic:  9/9        EV: 17    Int: 14    God:
Gold:   79         SH:  0    Dex: 15    Spells: 2/8 levels left

rFire    . . .     SeeInvis .     - Unarmed
rCold    . . .     Gourm    .   (no shield)
rNeg     . . .     Faith    .   b - +0 robe
rPois    +         Spirit   .   (helmet restricted)
rElec    .         Reflect  .   (no cloak)
rCorr    .         Harm     .   (no gloves)
MR       .....                  (boots unavailable)
Stlth    +.........             r - amulet of magic regeneration
HPRegen  0.09/turn              s - ring of poison resistance
MPRegen  0.36/turn              q - +3 ring of evasion

@: appendage
A: beak, horns 2, talons 3, able to fly 1
a: Fly, End Transformation


You were on level 3 of the Dungeon.
You were not hungry.
You had grown temporary horns.
You visited 1 branch of the dungeon, and saw 3 of its levels.

You collected 79 gold pieces.

Inventory:

Hand Weapons
 k - a +1 dagger of electrocution
 y - a cursed -2 whip
Missiles
 a - 32 arrows
 i - 76 stones (quivered)
Armour
 b - a +0 robe (worn)
 v - a +0 leather armour
 z - a +0 animal skin
 C - a +0 ring mail
Jewellery
 q - a +3 ring of evasion (right hand)
 r - an amulet of magic regeneration (around neck)
 s - a ring of poison resistance (left hand)
Scrolls
 c - 2 scrolls of enchant armour
 e - a scroll of blinking {unknown}
 j - a scroll of amnesia {unknown}
 l - a scroll of remove curse {unknown}
 m - a scroll of teleportation {unknown}
 o - a scroll of fear {unknown}
 D - 2 scrolls of noise {unknown}
Potions
 f - 3 potions of invisibility {unknown}
 g - 3 potions of curing {unknown}
 h - a potion of cancellation {unknown}
 n - a potion of resistance {unknown}
 p - 2 potions of lignification {unknown}
 t - a potion of brilliance {unknown}
 u - a potion of degeneration {unknown}
 x - 2 potions of ambrosia {unknown}
 B - a potion of heal wounds {unknown}
 E - a potion of haste {unknown}
Comestibles
 d - 7 rations
 A - 5 chunks of flesh


   Skills:
 - Level 1.0 Fighting
 + Level 3.6 Dodging
 * Level 5.3 Unarmed Combat
 - Level 2.0 Spellcasting
 + Level 2.6 Transmutations


You had 2 spell levels left.
You knew the following spells:

 Your Spells              Type           Power        Failure   Level  Hunger
a - Beastly Appendage     Tmut           #.....       8%          1    ##.....
b - Sticks to Snakes      Tmut           #.......     12%         2    ###....
c - Spider Form           Tmut/Pois      #.........   38%         3    ####...


Dungeon Overview and Level Annotations

Branches:
Dungeon (3/15)

Altars:
Uskayaw
Vehumet
Xom

Annotations:
D:2 Natasha, Sigmund


Innate Abilities, Weirdness & Mutations

You have a beak for a mouth.
You have claws for feet.
You can fly.
You have a pair of horns on your head.


Message History

The orc wizard hits you with a dagger. The orc priest hits you with a war axe!
An orc comes into view. It is wielding a dagger.
You hit the orc priest.
You peck the orc priest, but do no damage.
The orc priest is severely wounded.
The orc wizard gestures at you while chanting.
The magic dart hits you!
* * * LOW HITPOINT WARNING * * *
You closely miss the orc wizard. You headbutt the orc wizard.
The orc wizard is heavily wounded.
The orc wizard hits you with a dagger.
* * * LOW HITPOINT WARNING * * *
The orc priest looks encouraged for a moment.
As you read the scroll labeled ENTUDU GIESME, it crumbles to dust.
It is a scroll of enchant weapon.
Your dagger of electrocution glows red for a moment.
The orc completely misses you.
The orc wizard gestures at you while chanting.
The magic dart hits you!
You die...

#.................<........
#.###.#.#####.######.###..#
#.# #.#.#####.#...##.###..#
#.# #.....................#
.# #########.#.>.#######.#
#.##### #.# #.# .#
##########.# ..
..oo.oo@o..# ############


You could see 2 orc priests, an orc wizard and 2 orcs.

Vanquished Creatures
  An orc priest (D:2)
  Natasha (twice) (D:2)
  Robin (D:1)
  3 adders (D:2)
  A gnoll (D:1)
  2 oozes
  4 orcs
  4 giant cockroaches
  10 goblins
  6 hobgoblins
  2 quokkas
  5 bats
  4 frilled lizards
  4 kobolds
  5 rats
54 creatures vanquished.

Notes
Turn   | Place    | Note
-------+----------+-------------------------------------------
     0 | D:1      | iamserjio the Tengu Transmuter began the quest for the Orb.
     0 | D:1      | Reached XP level 1. HP: 12/12 MP: 4/4
    29 | D:1      | Reached XP level 2. HP: 4/16 MP: 6/6
   623 | D:1      | Reached skill level 4 in Unarmed Combat
   623 | D:1      | Reached XP level 3. HP: 19/20 MP: 5/7
  1239 | D:2      | Noticed Robin
  1295 | D:1      | Learned a level 2 spell: Sticks to Snakes
  1299 | D:1      | Learned a level 3 spell: Spider Form
  1335 | D:2      | Noticed Natasha
  1342 | D:2      | Killed Natasha
  1342 | D:2      | Reached XP level 4. HP: 18/25 MP: 6/8
  1406 | D:2      | Noticed Sigmund
  1468 | D:2      | Noticed a hand axe
  1468 | D:2      | Noticed a dagger
  1469 | D:2      | Found a hide-covered altar of Uskayaw.
  2023 | D:1      | Killed Robin
  2267 | D:2      | Noticed Natasha
  2365 | D:2      | Killed Natasha
  2365 | D:2      | Reached skill level 5 in Unarmed Combat
  2365 | D:2      | Gained mutation: You can fly. [Tengu growth]
  2365 | D:2      | Reached XP level 5. HP: 23/29 MP: 7/9
  2511 | D:2      | Noticed Natasha
  2512 | D:2      | Found a shimmering altar of Xom.
  3174 | D:3      | Found a radiant altar of Vehumet.
  3374 | D:3      | Killed from afar by an orc wizard

Vault maps used:
D:1:      dpeg_arrival_long_road
D:2:      dancing_weapons_uskayaw, tgw_xom, uniq_robin, uniq_natasha,
          uniq_sigmund
D:3:      lemuel_round_altar, old_standard_altar, portal_sewer_entry_b,
          uniq_crazy_yiuf_cottage

Skill      XL: |  1  2  3  4 |
---------------+-------------+-----
Unarmed Combat | 4 5 |  5.3
Transmutations | 2 |  2.6
Dodging        | 3 |  3.6
Fighting       | |  1.0
Spellcasting   | |  2.0

Action                   |  1- 3 |  4- 6 || total
-------------------------+-------+-------++-------
Melee: Unarmed           |    67 |    75 ||   142
       Headbutt          |     9 |    10 ||    19
       Kick              |    18 |    18 ||    36
       Peck              |     8 |    13 ||    21
       Punch             |       |     3 ||     3
Throw: Stone             |       |     1 ||     1
 Cast: Beastly Appendage |    15 |    16 ||    31
  Use: Scroll            |       |     5 ||     5
 Stab: Sleeping          |       |     2 ||     2
  Eat: Chunk             |     2 |     6 ||     8
Armor: Robe              |    12 |     6 ||    18
Dodge: Dodged            |    48 |    50 ||    98

Table legend:
 A = Spawn XP
 B = Non-spawn XP
 C = Spawn XP percentage of total XP
 D = Spawn monster count
 E = Non-spawn monster count
 F = Spawn count percentage of total count
 G = Total turns spent on level
                    A         B        C        D         E        F      G
               +---------+---------+-------+---------+---------+-------+---------
         Total |       0 |     270 |   0.0 |       0 |      54 |   0.0 |  3374
               +---------+---------+-------+---------+---------+-------+---------
           D:1 |       0 |      73 |   0.0 |       0 |      25 |   0.0 |  1824
           D:2 |       0 |     183 |   0.0 |       0 |      23 |   0.0 |  1252
           D:3 |       0 |      14 |   0.0 |       0 |       6 |   0.0 |   298
               +---------+---------+-------+---------+---------+-------+---------
